 Dungeon Crawl Stone Soup version 0.31.0-12-g77e489cdc1 (webtiles) character file.

Game seed: 16405012261456444287

231 Amplified the Trooper (level 5, 0/41 HPs)
             Began as a Demonspawn Wanderer on Mar 1, 2024.
             Was an Initiate of Gozag.
             Slain by an orc
             ... wielding a +0 trident
              (6 damage)
             ... on level 5 of the Dungeon.
             The game lasted 00:05:32 (3844 turns).

Amplified the Trooper (Demonspawn Wanderer)         Turns: 3844, Time: 00:05:33

Health: 0/41       AC: 11    Str: 11    XL:     5   Next: 72%
Magic:  6/6        EV:  6    Int: 12    God:    Gozag
Gold:   531        SH:  5    Dex: 16    Spells: 2/6 levels left

rFire   . . .        h - +0 war axe
rCold   . . .        (no shield)
rNeg    . . .        j - +0 chain mail
rPois   .            (no helmet)
rElec   .            (no cloak)
rCorr   .            c - +0 pair of gloves
SInv    .            (no boots)
Will    .....        i - amulet of reflection Stlth
                     (no ring)
HPRegen 0.26/turn    (no ring)
MPRegen 0.10/turn

%: reflection
@: on fire, gold aura, glowing
A: icy blue scales 1, foul stench 1, weakness stinger 1
a: Renounce Religion, Potion Petition, Call Merchant, Bribe Branch


You were on level 5 of the Dungeon.
You worshipped Gozag.
Gozag was pleased with you.
You visited 2 branches of the dungeon, and saw 6 of its levels.

You collected 531 gold pieces.

Inventory:

Hand Weapons
 a - a +2 short sword
 b - a +0 sling
 f - a +0 whip
 h - a +0 war axe (weapon)
Missiles
 o - 4 poisoned darts (quivered)
Armour
 c - a +0 pair of gloves (worn)
 e - a +0 robe
 j - a +0 chain mail (worn)
Jewellery
 i - an amulet of reflection (around neck)
Talismans
 n - a beast talisman
Wands
 l - a wand of paralysis (6)
 q - a wand of flame (17)
 r - a wand of polymorph (9)
Scrolls
 p - a scroll of torment {unknown}
 u - a scroll of identify
Potions
 d - a potion of magic
 g - a potion of invisibility
 k - a potion of curing {unknown}
 m - a potion of degeneration {unknown}
 s - a potion of mutation {unknown}
 v - a potion of ambrosia {unknown}


   Skills:
 * Level 3.0 Fighting
 - Level 2.6 Short Blades
 * Level 1.7(2.0) Axes
 - Level 1.3(1.8) Maces & Flails
 - Level 1.7 Ranged Weapons
 * Level 2.4 Armour
 - Level 1.0 Dodging
 - Level 1.0 Spellcasting
 * Level 1.9 Translocations
 - Level 2.0 Evocations


You had 2 spell levels left.
You knew the following spells:

 Your Spells              Type           Power      Damage    Failure   Level
a - Blink                 Tloc           10%        N/A       99%         2
b - Lesser Beckoning      Tloc           10%        N/A       99%         2

Your spell library contained the following spells:

 Spells                   Type           Power      Damage    Failure   Level
 Momentum Strike          Conj/Tloc      4%         3d8       100%        2
 Fugue of the Fallen      Necr           0%         N/A       100%        3
 Ozocubu's Armour         Ice            0%         N/A       100%        3
 Manifold Assault         Tloc           5%         N/A       100%        4
 Summon Forest            Summ/Tloc      1%         N/A       100%        5
 Eringya's Noxious Bog    Alch           0%         4d6       100%        6
 Summon Hydra             Summ           0%         N/A       100%        7


Dungeon Overview and Level Annotations

Branches:
Dungeon (5/15)             Temple (1/1) D:5

Altars:
Cheibriados
Fedhas
Gozag
Hepliaklqana
Qazlal
Ru
Sif Muna
Uskayaw
Wu Jian
Yredelemnul

Shops:
D:2 *   D:5 *


Innate Abilities, Weirdness & Mutations

You are partially covered in icy blue scales. (AC +2)
You may rarely emit foul miasma when damaged in melee.
You have a small tail.


Message History

You are covered in liquid fire!
You block the orc's attack.
Unknown command.
You shake off some of the fire as you move.
The liquid fire burns you! The orc hits you with a +0 trident.
The orc wizard mumbles some strange words.
The orc wizard flickers and vanishes!
Deactivating autopickup; reactivate with Ctrl-A.
The bombardier beetle barely misses you.
Things that are here:
6 gold pieces; a +0 club You shake off the liquid fire.
The orc hits you but does no damage.
Things that are here:
8 gold pieces; a +0 hand axe; a +0 chain mail Unknown command.
Unknown command.
The bombardier beetle sprays incendiary fluid at you.
The burning spray hits you.
You are covered in liquid fire!
Something hits you but does no damage.
Unknown command.
Unknown command.
You shake off some of the fire as you move.
The liquid fire burns you!
Unknown command.
Aiming: Paralyse
Press: ? - help, Shift-Dir - straight line, f - bombardier beetle
Aim: a bombardier beetle (severely wounded, chance to affect: 54%) Nothing appears to happen.
The liquid fire burns you!
Unknown command.
Unknown command.
You hit something. The liquid fire burns you!
* * * LOW HITPOINT WARNING * * *
The orc hits you from afar with a +0 trident.
You die...
Your body crumbles into a pile of gold.

...###...###...#......####
.... #.⌠.# ...#...#.##
.... #...# ..#...#.# .....
.#...#.# ....... #.....#
........# #...### #...# +.
#...# #...#######@..#
.......$$B{...###
.........o......#
.......$........#
....####........# #.#
#........# # #........#
##########


You could see a bombardier beetle and an orc.

Vanquished Creatures
  2 hounds
  A sleepcap (D:5)
  Ijyb (D:4)
  A gnoll (D:3)
  An adder (D:2)
  2 dart slugs
  2 ribbon worms
  4 orcs (D:5)
  9 endoplasms
  4 giant cockroaches
  18 goblins
  6 hobgoblins
  3 jackals (D:4)
  5 kobolds (D:1)
  2 quokkas (D:1)
  6 ball pythons
  4 bats
  5 frilled lizards
  7 rats
83 creatures vanquished.

Notes
Turn   | Place    | Note
-------+----------+-------------------------------------------
     0 | D:1      | Amplified the Demonspawn Wanderer began the quest for the
                  | Orb.
     0 | D:1      | Amplified set off with the following items: a +2 short
                  | sword, a +0 sling, a +0 pair of gloves, a scroll of
                  | silence, a +0 robe.
     0 | D:1      | Reached XP level 1. HP: 15/15 MP: 2/2
   236 | D:1      | Gained mutation: You may rarely emit foul miasma when
                  | damaged in melee. [demonic ancestry]
   236 | D:1      | Reached XP level 2. HP: 17/21 MP: 3/3
   331 | D:1      | Reached skill level 1 in Armour
   445 | D:1      | Reached skill level 1 in Maces & Flails
   689 | D:1      | Reached XP level 3. HP: 27/27 MP: 4/4
   704 | D:1      | Learned a level 2 spell: Blink
   768 | D:1      | Reached skill level 2 in Fighting
  1095 | D:2      | Found Matosel's General Store.
  1187 | D:2      | Found a sacrificial altar of Ru.
  1794 | D:2      | Learned a level 2 spell: Lesser Beckoning
  1842 | D:2      | Found a faded altar of an unknown god.
  1845 | D:2      | Prayed at the altar of an unknown god.
  1845 | D:2      | Became a worshipper of Gozag Ym Sagoz the Greedy
  1934 | D:3      | Gained mutation: You have a small tail. [demonic ancestry]
  1934 | D:3      | Reached XP level 4. HP: 27/33 MP: 5/5
  2420 | D:3      | Reached skill level 1 in Translocations
  2653 | D:4      | Reached skill level 1 in Axes
  3207 | D:4      | Noticed Ijyb
  3218 | D:4      | Killed Ijyb
  3219 | D:4      | Gained mutation: You are partially covered in icy blue
                  | scales. (AC +2) [demonic ancestry]
  3219 | D:4      | Reached XP level 5. HP: 37/39 MP: 6/6
  3329 | D:4      | Found a basalt altar of Yredelemnul.
  3334 | D:4      | Found a stormy altar of Qazlal.
  3492 | D:5      | Entered Level 5 of the Dungeon
  3598 | D:5      | Found an opulent altar of Gozag.
  3598 | D:5      | Found Gozag's Platinum Reserve.
  3600 | D:5      | Identified the +4 rapier of Accidental Termination {pain,
                  | Dex+5}
  3604 | D:5      | Found a staircase to the Ecumenical Temple.
  3623 | D:5      | Reached skill level 3 in Fighting
  3738 | Temple   | Entered the Ecumenical Temple
  3844 | D:5      | Slain by an orc

Illustrated notes

Levels and vault maps discovered:
D:1:      matt_arrival_los_fun, layout_loops_ring
D:2:      layout_basic, hellmonk_ecumenical_altar_heavens_door, basic_altar,
          serial_shops, shop, serial_corexii_hall, corexii_hall_statues_u,
          corexii_hall_statues_s
D:3:      layout_basic, old_standard_altar, serial_co_window_serial,
          co_window_paths_a, co_window_paths_a, co_window_corner_a,
          co_window_paths_a, co_window_corner_a, co_window_paths_b,
          co_window_paths_b, co_window_of_opportunity_b, co_window_paths_c,
          co_window_of_opportunity_b, co_window_of_opportunity_c,
          co_window_4corner_a, co_window_4corner_b, glass_columns_c
D:4:      kennysheep_goblin_castle, layout_loops_ring,
          mainiacjoe_overflow_24_doors, grunt_temple_overflow_open,
          due_unseen_surprise
D:5:      layout_basic, nicolae_gozag_zags_fifth_avenue,
          minmay_temple_entry_junction_2, nrook_mini_vaults, minivault_26
Temple:   hellmonk_temple_forest_ring

Skill      XL: |  1  2  3  4  5 |
---------------+----------------+-----
Armour         | 1 2 |  2.4
Maces & Flails | 1 |  1.3
Fighting       | 2 3 |  3.0
Translocations | 1 |  1.9
Axes           | 1 |  1.7
Short Blades   | |  2.6
Ranged Weapons | |  1.7
Dodging        | |  1.0
Spellcasting   | |  1.0
Evocations     | |  2.0

Action                     |  1- 3 |  4- 6 || total
---------------------------+-------+-------++-------
  Melee: Whip              |   130 |       ||   130
         Punch             |     1 |     1 ||     2
         War axe           |    44 |   104 ||   148
         Tailslap          |       |    10 ||    10
  Evoke: Wand              |       |     6 ||     6
    Use: Potion            |     1 |     2 ||     3
         Scroll            |     3 |     1 ||     4
   Stab: Sleeping          |     2 |       ||     2
         Paralysed         |       |    16 ||    16
 Armour: Robe              |    73 |       ||    73
         Chain mail        |    31 |   130 ||   161
  Dodge: Dodged            |    88 |    44 ||   132
  Block: Other             |       |    14 ||    14
